 Dungeon Crawl Stone Soup version 0.28.0 (webtiles) character file.

Game seed: 14855756284278290564

79 Sanktem7 the Covered (level 4, 0/40 HPs)
             Began as a Minotaur Fighter on Feb 9, 2022.
             Succumbed to a goblin's poison
             ... on level 2 of the Dungeon.
             The game lasted 00:01:41 (1229 turns).

Sanktem7 the Covered (Minotaur Fighter)             Turns: 1229, Time: 00:01:41

Health: 0/40       AC:  7    Str: 23    XL:     4   Next: 16%
Magic:  3/3        EV:  9    Int:  5    God:
Gold:   46         SH:  4    Dex:  9    Spells: 3/3 levels left

rFire   . . .      SeeInvis .   a - +0 long sword
rCold   . . .      Faith    .   c - +0 buckler
rNeg    . . .      Spirit   .   b - +0 scale mail
rPois   .          Reflect  .   (helmet restricted)
rElec   .          Harm     .   (no cloak)
rCorr   .          Rampage  .   (no gloves)
Will    .....                   (no boots)
Stlth   ..........              (no amulet)
HPRegen 0.13/turn               (no ring)
MPRegen 0.08/turn               (no ring)

@: lethally poisoned (0 -> -1)
A: horns 2, retaliatory headbutt
a: no special abilities


You were on level 2 of the Dungeon.
You visited 1 branch of the dungeon, and saw 2 of its levels.

You collected 46 gold pieces.

Inventory:

Hand Weapons
 a - a +0 long sword (weapon)
Armour
 b - a +0 scale mail (worn)
 c - a +0 buckler (worn)
Scrolls
 e - a scroll of blinking {unknown}
Potions
 d - a potion of might
 f - a potion of curing {unknown}


   Skills:
 * Level 4.2 Fighting
 * Level 3.5 Long Blades
 * Level 4.5 Armour
 + Level 0.2 Dodging
 + Level 0.1 Stealth
 + Level 4.0 Shields


You had 3 spell levels left.
You didn't know any spells.
Your spell library was empty.

Dungeon Overview and Level Annotations

Branches:
Dungeon (2/15)

Altars:


Innate Abilities, Weirdness & Mutations

You have a pair of horns on your head.
You reflexively headbutt those who attack you in melee.


Message History

You are lethally poisoned!
You block Robin's attack.
You closely miss the goblin.
You feel very sick. You block the goblin's attack.
Robin roars a battlecry!
The goblin goes into a battle-frenzy!
You hear a shout!
You slash the goblin!
You kill the goblin!
* * * LOW HITPOINT WARNING * * *
You feel very sick. Robin hits you but does no damage.
You have reached level 4!
You feel stronger.
You completely miss Robin.
* * * LOW HITPOINT WARNING * * *
You feel very sick. Robin hits you but does no damage.
You slash Robin!
Robin is heavily wounded.
* * * LOW HITPOINT WARNING * * *
You feel sick. You block Robin's attack.
You closely miss Robin.
Robin is heavily wounded.
* * * LOW HITPOINT WARNING * * *
You feel sick. Robin hits you but does no damage. You block Robin's attack.
You barely miss Robin.
Robin is heavily wounded.
* * * LOW HITPOINT WARNING * * *
You feel sick. You block Robin's attack.
You barely miss Robin.
Robin is heavily wounded.
* * * LOW HITPOINT WARNING * * *
You feel sick. You block Robin's attack.
You slash Robin!
You kill Robin!
* * * LOW HITPOINT WARNING * * *
You feel sick. You block the bat's attack.
You die...

♣ .♣♣♣
♣♣♣♣.....
♣♣♣†).b♣
♣♣♣.@)♣
♣♣♣♣...)♣♣
♣♣♣.....♣♣♣
♣....♣♣♣♣
♣♣..♣♣♣
♣..♣♣
♣♣††♣♣♣♣ ♣
♣♣....♣
♣♣♣♣♣♣
♣...♣♣♣


You could see a bat.

Vanquished Creatures
  Robin (D:2)
  2 adders (D:2)
  A worm (D:2)
  2 dart slugs (D:1)
  3 ball pythons (D:1)
  A bat (D:1)
  6 endoplasms (D:1)
  3 giant cockroaches (D:1)
  9 goblins
  4 hobgoblins
  A kobold (D:1)
  5 rats (D:1)
38 creatures vanquished.

Vanquished Creatures (others)
  2 plants (D:1)
2 creatures vanquished.

Grand Total: 40 creatures vanquished

Notes
Turn   | Place    | Note
-------+----------+-------------------------------------------
     0 | D:1      | Sanktem7 the Minotaur Fighter began the quest for the Orb.
     0 | D:1      | Reached XP level 1. HP: 19/19 MP: 0/0
    98 | D:1      | Found a faded altar of an unknown god.
   170 | D:1      | Reached XP level 2. HP: 24/27 MP: 1/1
   810 | D:1      | Reached XP level 3. HP: 28/33 MP: 2/2
  1214 | D:2      | Noticed Robin
  1223 | D:2      | Reached XP level 4. HP: 10/40 MP: 3/3
  1227 | D:2      | HP: 2/40 [poisoned by a goblin]
  1228 | D:2      | Killed Robin
  1229 | D:2      | Succumbed to a goblin's poison

Illustrated notes

Levels and vault maps discovered:
D:1:      minmay_arrival_stone_box, layout_loops_ring, serial_bayou,
          serial_bayou_pond_a, serial_bayou_crossing, serial_bayou_lake_a,
          serial_bayou_pond_b, basic_ecumenical_altar,
          hangedman_abyss_or_decor_lesser_grid
D:2:      kb_forest_paths, layout_basic, minmay_tetromino_s2, uniq_robin,
          uniq_sigmund, uniq_jessica

Skill      XL: |  1  2  3 |
---------------+----------+-----
Armour         | 4 |  4.5
Fighting       | 4 |  4.2
Shields        | 4 |  4.0
Long Blades    | 3 |  3.5
Dodging        | |  0.2
Stealth        | |  0.1

Action                   |  1- 3 |  4- 6 || total
-------------------------+-------+-------++-------
Melee: Long sword        |    74 |     6 ||    80
       Headbutt          |     9 |       ||     9
Armor: Scale mail        |    33 |     2 ||    35
Dodge: Dodged            |    43 |       ||    43
Block: Buckler           |    12 |     5 ||    17
